 Dungeon Sprint DCSS version 0.23.0-38-g208d714 (webtiles) character file.

Game seed: 5927370785821997460

483 Fang the Fighter (level 7, -2/75 HPs)
             Began as a Gargoyle Berserker on Feb 27, 2019.
             Was a Believer of Trog.
             Slain by Sonja
             ... wielding a +1 short sword of distortion
              (3 damage)
             ... in the Dungeon (Sprint I: "Red Sonja").
             The game lasted 00:00:48 (874 turns).

Fang the Fighter (Gargoyle Berserker)                Turns: 874, Time: 00:00:49

Health: -2/75      AC: 13    Str: 28    XL:     7   Next: 12%
Magic:  7/7        EV: 13    Int:  7    God:    Trog [**....]
Gold:   169        SH:  0    Dex:  9    Spells: 6/6 levels left

rFire    . . .     SeeInvis .   a - +0 hand axe
rCold    . . .     Gourm    .   (no shield)
rNeg     + . .     Faith    .   j - +0 scale mail
rPois    ∞         Spirit   .   (no helmet)
rElec    +         Reflect  .   (no cloak)
rCorr    .         Harm     .   (no gloves)
MR       .....     NoTele   +   (no boots)
Stlth    ..........             (no amulet)
HPRegen  0.22/turn              (no ring)
MPRegen  0.10/turn              (no ring)

@: berserking, very quick
A: negative energy resistance 1, electricity resistance, unbreathing,
petrification resistance, rot immunity, AC +4
a: Berserk, Trog's Hand, Renounce Religion


You were in the Dungeon.
You worshipped Trog.
Trog was pleased with you.
You were very hungry.

You visited 1 branch You collected 169 gold pieces.

Inventory:

Hand Weapons
 a - a +0 hand axe (weapon)
Armour
 j - a +0 scale mail (worn)
Scrolls
 i - a scroll of blinking
Potions
 d - a potion of curing
 e - a potion of heal wounds
 f - a potion of haste
 g - 2 potions of magic
 h - a potion of berserk rage
Comestibles
 c - a ration


   Skills:
 + Level 8.8 Fighting
 + Level 7.3 Axes
 + Level 8.4 Armour
 + Level 6.3 Dodging


You had 6 spell levels left.
You didn't know any spells.
Your spell library was empty.

Dungeon Overview and Level Annotations

Branches:
Dungeon (1/1)

Altars:
Makhleb
Sif Muna
Vehumet
Wu Jian
Xom
Jiyva
Lugonu

Annotations:
D Sonja


Innate Abilities, Weirdness & Mutations

You are resistant to torment.
Your stone body is resilient. (AC +4)
You are immune to poison.
You resist negative energy. (rN+)
You are resistant to electric shocks. (rElec)
You can survive without breathing.
You are immune to petrification.
You are immune to rotting.


Message History

A red film seems to cover your vision as you go berserk!
You feel yourself moving faster!
You feel mighty!
You are feeling very hungry.
Something hits you but does no damage. Something hits you.
Space bends around you. Something barely misses you.
You are too injured to fight recklessly!
You hit something. Something hits you. Space bends around you.
Something hits you but does no damage.
You feel a strange sense of stasis. Something hits you.
You closely miss something. Something hits you but does no damage.
You feel a strange sense of stasis. Something barely misses you. x2
You closely miss something. Something hits you but does no damage.
Space bends around you.
* * * LOW HITPOINT WARNING * * *
Something hits you but does no damage. Space warps horribly around you!!
* * * LOW HITPOINT WARNING * * *
Something hits you but does no damage.
You completely miss something. You closely miss something. Something hits you.
You die...

#<.#.[').#..'..#__#
#..'..#..').#..'..+
#..#####'#####'#__#
#..# #..# #)####
#..# #### ##.# #..#
#+#_.+ #⌠⌠# +.(._#
#### #_(#'# ##@#[#
#{### $.$ #$.$#
##.## #+#


There were no monsters in sight!

Vanquished Creatures
  A slime creature (D)
  Sigmund (D)
  An ogre (D)
  A jelly (D)
  Ijyb (D)
5 creatures vanquished.

Notes
Turn   | Place    | Note
-------+----------+-------------------------------------------
     0 | D        | Fang the Gargoyle Berserker began the quest for the Orb.
     0 | D        | Reached XP level 1. HP: 14/14 MP: 1/1
     2 | D        | Noticed Ijyb
    27 | D        | Killed Ijyb
    27 | D        | Reached XP level 2. HP: 16/20 MP: 2/2
    27 | D        | Reached XP level 3. HP: 19/24 MP: 3/3
   256 | D        | Noticed an ogre
   262 | D        | Killed an ogre
   262 | D        | Reached skill level 5 in Fighting
   262 | D        | Reached skill level 5 in Armour
   262 | D        | Reached XP level 4. HP: 32/32 MP: 4/4
   417 | D        | Noticed Sigmund
   427 | D        | Killed Sigmund
   427 | D        | Reached ** piety under Trog
   427 | D        | Reached skill level 5 in Dodging
   427 | D        | Reached XP level 5. HP: 38/38 MP: 5/5
   427 | D        | Reached XP level 6. HP: 44/44 MP: 6/6
   576 | D        | Found a burning altar of Makhleb.
   576 | D        | Found a viscous altar of Jiyva.
   576 | D        | Found a shimmering altar of Xom.
   576 | D        | Found a corrupted altar of Lugonu.
   576 | D        | Noticed a slime creature
   589 | D        | Killed a slime creature
   589 | D        | Reached XP level 7. HP: 27/50 MP: 7/7
   793 | D        | Found an ornate altar of the Wu Jian Council.
   793 | D        | Found a deep blue altar of Sif Muna.
   797 | D        | Found a radiant altar of Vehumet.
   862 | D        | Noticed Sonja
   872 | D        | HP: 1/75 [something (18)]
   874 | D        | Slain by Sonja

Skill      XL: |  1  2  3  4  5  6 |
---------------+-------------------+-----
Fighting       | 4 5 7 8 |  8.8
Axes           | 3 4 6 7 |  7.3
Armour         | 3 5 7 8 |  8.4
Dodging        | 2 4 5 6 |  6.3

Action                   |  1- 3 |  4- 6 |  7- 9 || total
-------------------------+-------+-------+-------++-------
Melee: Hand axe          |    26 |    19 |    10 ||    55
Invok: Berserk           |     2 |     2 |     1 ||     5
  Eat: Chunk             |       |     2 |     1 ||     3
Armor: Animal skin       |    10 |       |       ||    10
       Scale mail        |       |     4 |    12 ||    16
Dodge: Dodged            |     9 |     3 |     7 ||    19
